 Dungeon Crawl Stone Soup version 0.29.1-14-g9c671dbff4 (webtiles) character file.

Game seed: 16209927854919235706

34 hawla the Chiller (level 3, -6/26 HPs)
             Began as a Meteoran Ice Elementalist on Feb 12, 2023.
             Splashed by a jelly's acid (7 damage)
             ... on level 4 of the Dungeon.
             The game lasted 00:03:51 (653 turns).

hawla the Chiller (Meteoran Ice Elementalist)        Turns: 653, Time: 00:03:53

Health: -6/26      AC: -9    Str: 10    XL:     3   Next: 73%
Magic:  8/8        EV: 12    Int: 18    God:
Gold:   52         SH:  0    Dex: 14    Spells: 4/8 levels left

rFire   . . .      SeeInvis .   f - +0 long sword
rCold   . . .      Faith    .   (no shield)
rNeg    . . .      Spirit   .   a - +0 robe
rPois   .          Reflect  .   (no helmet)
rElec   .          Harm     .   (no cloak)
rCorr   .          Rampage  .   j - +0 pair of gloves
Will    .....                   (no boots)
Stlth   +.........              (no amulet)
HPRegen 0.08/turn               (no ring)
MPRegen 0.11/turn               (no ring)

@: corroded, glowing
A: sense surroundings 1, otherworldly, glowing, explore regen
a: no special abilities


You were on level 4 of the Dungeon.
You visited 1 branch of the dungeon, and saw 4 of its levels.

You collected 52 gold pieces.

Inventory:

Hand Weapons
 f - a +0 long sword (weapon)
Armour
 a - a +0 robe (worn)
 j - a +0 pair of gloves (worn)
Jewellery
 k - a ring of fire
Wands
 i - a wand of mindburst (17)
Scrolls
 d - 2 scrolls of summoning
 g - a scroll of brand weapon {unknown}
 h - a scroll of poison {unknown}
Potions
 b - a potion of might
 c - 3 potions of mutation {unknown}
 e - 2 potions of heal wounds


   Skills:
 + Level 0.2 Fighting
 + Level 2.5 Dodging
 - Level 1.4 Stealth
 + Level 3.4 Spellcasting
 + Level 5.1 Ice Magic


You had 4 spell levels left.
You knew the following spells:

 Your Spells              Type           Power      Damage    Failure   Level
a - Freeze                Ice            84%        1d10      1%          1
b - Frozen Ramparts       Ice            42%        1d7       5%          3

Your spell library contained the following spells:

 Spells                   Type           Power      Damage    Failure   Level
 Ozocubu's Armour         Ice            21%        N/A       5%          3
 Hailstorm                Conj/Ice       12%        3d5       47%         4


Dungeon Overview and Level Annotations

Branches:
Dungeon (4/15) Zot: 1742
 Temple: D:4-7

Altars:
Wu Jian


Innate Abilities, Weirdness & Mutations

You passively map a small area around you.
You are easily found by Zot.
You glow in the dark.
You regain HP and MP as you explore.


Message History

The spell is quite dangerous to miscast (6% risk of failure)!
Continue anyway?
Casting: Frozen Ramparts (quite dangerous; 6% risk of failure)
Press: ? - help, Dir - look around, f - activate The walls around you are covered in ice.
The wall freezes the kobold!
You kill the kobold!
Casting: Frozen Ramparts (quite dangerous; 6% risk of failure)
Confirm with . or Enter, or press ? or * to list all spells.
Aiming: Freeze (safe; 1% risk of failure)
Press: ? - help, Shift-Dir - straight line, f - orc
Aim: an orc, wielding a +0 club You freeze the orc!
You kill the orc!
Unknown command.
The frozen ramparts melt away as you move.
You see here a +0 club.
You now have 52 gold pieces (gained 10).
You see here a +0 short sword.
Found 5 stones.
Found a spear.
Found an ornate altar of the Wu Jian Council.
Found 13 stones.
You see here 6 stones.
Found 6 poisoned darts.
A jelly comes into view.
The jelly quivers.
You hit the jelly.
Your hands burn!
The jelly is moderately wounded.
The jelly hits you. The acid corrodes you!
You are splashed with acid.
You hit the jelly.
Your hands burn!
The jelly is heavily wounded.
The jelly barely misses you.
You hit the jelly.
Your hands burn!
The jelly is severely wounded.
The jelly hits you. The acid corrodes you!
You are splashed with acid!
* * * LOW HITPOINT WARNING * * *
The jelly hits you.
* * * LOW HITPOINT WARNING * * *
The acid corrodes you!
You are splashed with acid!
You die...

#~~~.......(#
#.## * **
#~~~~....)..# *
** #~~~~...._..#
, , ,
#~~~.....♣..# #
, #~.........(#
.. ,
######.######...
* #..#.#........
#.........# , ,*
#....@...## *, ,
#.....J...#
,.............#
*
,......(......#
* *,
...............#
,
#####...##.#...#
, #..., .##....
#..# ## .... *
,,* ,


You could see a jelly.

Vanquished Creatures
  An adder (D:2)
  4 orcs (D:4)
  2 bats
  2 endoplasms
  A giant cockroach (D:4)
  A hobgoblin (D:1)
  A jackal (D:1)
  A quokka (D:1)
  A ball python (D:1)
  A frilled lizard (D:1)
  2 goblins
  3 kobolds
20 creatures vanquished.

Notes
Turn   | Place    | Note
-------+----------+-------------------------------------------
     0 | D:1      | hawla the Meteoran Ice Elementalist began the quest for the
                  | Orb.
     0 | D:1      | Reached XP level 1. HP: 14/14 MP: 5/5
   205 | D:1      | Reached XP level 2. HP: 17/20 MP: 0/6
   290 | D:2      | Reached skill level 5 in Ice Magic
   290 | D:2      | Reached XP level 3. HP: 26/26 MP: 5/8
   294 | D:2      | Learned a level 3 spell: Frozen Ramparts
   635 | D:4      | Found an ornate altar of the Wu Jian Council.
   653 | D:4      | HP: 1/26 [jelly (1)]
   653 | D:4      | Splashed by a jelly's acid

Illustrated notes

Levels and vault maps discovered:
D:1:      lightli_arrival_statue_moat, layout_basic,
          shapermc_ecumenical_altar_notcrosses, minmay_tetromino_l4
D:2:      layout_basic, serial_shops, nicolae_shop_advertising_works
          [nicolae_subvault_shop_adworks], nicolae_shop_crystal,
          kennysheep_cross_bottleneck
D:3:      layout_basic, mainiacjoe_overflow_cross_hatched, minmay_box_of_dots
D:4:      minmay_chambers_of_fours, layout_layer_cave,
          nzn_wu_jian_contemplation, amcnicky_altar_gilded, uniq_robin

Skill      XL: |  1  2 |
---------------+-------+-----
Spellcasting   | 3 |  3.4
Ice Magic      | 5 |  5.1
Fighting       | |  0.2
Dodging        | |  2.5
Stealth        | |  1.4

Action                   || total
-------------------------++-------
Melee: Unarmed           ||     2
       Long sword        ||    13
       Punch             ||     1
 Cast: Freeze            ||    19
       Frozen Ramparts   ||     3
  Use: Scroll            ||     4
       Potion            ||     1
Armor: Robe              ||     9
Dodge: Dodged            ||    16
